 Dungeon Crawl Stone Soup version 0.26.0-10-g1f06aea511 (webtiles) character file.

Game seed: 13593534904645421500

58 Inarius the Skirmisher (level 3, -3/30 HPs)
             Began as a Mummy Wanderer on Jan 18, 2021.
             Slain by Sigmund
             ... wielding a +0 scythe
              (7 damage)
             ... on level 2 of the Dungeon.
             The game lasted 00:03:22 (1516 turns).

Inarius the Skirmisher (Mummy Wanderer)             Turns: 1516, Time: 00:03:22

Health: -3/30      AC:  6    Str: 15    XL:     3   Next: 76%
Magic:  3/3        EV: 11    Int: 14    God:
Gold:   73         SH:  0    Dex:  9    Spells: 2/2 levels left

rFire    x . .     SeeInvis .   a - +0 spear
rCold    + . .     Faith    .   (no shield)
rNeg     + + +     Spirit   .   b - +2 leather armour
rPois    ∞         Reflect  .   j - +0 helmet
rElec    .         Harm     .   (no cloak)
rCorr    .         Rampage  .   (no gloves)
Will     .....                  (no boots)
Stlth    ..........             (no amulet)
HPRegen  0.10/turn              (no ring)
MPRegen  0.08/turn              (no ring)

@: confused
A: no potions, fire vulnerability, cold resistance 1, negative energy resistance
3, torment resistance, unbreathing
a: no special abilities


You were on level 2 of the Dungeon.
You visited 1 branch of the dungeon, and saw 2 of its levels.

You collected 73 gold pieces.

Inventory:

Hand Weapons
 a - a +0 spear (weapon)
Missiles
 h - 8 javelins (quivered)
Armour
 b - a +2 leather armour (worn)
 j - a +0 helmet (worn)
Scrolls
 c - a scroll of teleportation
 d - a scroll of fear {unknown}
 e - a scroll of identify {unknown}
 f - 2 scrolls of amnesia {unknown}
 g - a scroll of enchant armour {unknown}
 i - a scroll of enchant weapon {unknown}


   Skills:
 * Level 3.9 Fighting
 - Level 0.5 Polearms
 - Level 1.0 Crossbows
 - Level 1.5 Throwing
 * Level 2.4 Armour
 - Level 1.0 Dodging
 - Level 1.0 Unarmed Combat


You had 2 spell levels left.
You didn't know any spells.
Your spell library was empty.

Dungeon Overview and Level Annotations

Branches:
Dungeon (2/15)

Altars:

Annotations:
D:2 Sigmund


Innate Abilities, Weirdness & Mutations

You do not drink.
Your flesh is vulnerable to fire.
You are immune to poison.
Your flesh is cold resistant. (rC+)
You are immune to negative energy. (rN+++)
You are immune to unholy pain and torment.
You can survive without breathing.


Message History

You kill the hobgoblin!
Sigmund says, "Look into my eyes."
You're too confused to move!
Sigmund barely misses you.
You bump into the rock wall.
You feel less confused. Sigmund gestures at you while chanting.
You are confused.
You bump into the rock wall.
Sigmund gestures at himself while chanting.
Sigmund flickers and vanishes!
Deactivating autopickup; reactivate with Ctrl-A.
You bump into the rock wall.
You bump into the rock wall.
You hear some strange, mumbled words.
You are more confused.
You bump into the rock wall.
You bump into the rock wall.
Something hits you!
* * * LOW HITPOINT WARNING * * *
You bump into the rock wall.
Something hits you!
You die...

... .#.##.#######
..........@.##
#.####{###..#########
......................
.#.####..{....#######.
.........###.##
...######.# #..#
#.....@..# #).#
...######## #..##
#...# .#+### #.#.#
...... #)#..# ......
#####†##.#
......######...#)# .#
.......##.+..)'.# .#
#....##.#..†###


There were no monsters in sight!

Vanquished Creatures
  Robin (D:2)
  An adder (D:1)
  2 dart slugs (D:1)
  A leopard gecko (D:1)
  An orc (D:1)
  5 hobgoblins
  A kobold (D:1)
  2 bats
  3 frilled lizards
  13 goblins
  3 rats
33 creatures vanquished.

Notes
Turn   | Place    | Note
-------+----------+-------------------------------------------
     0 | D:1      | Inarius the Mummy Wanderer began the quest for the Orb.
     0 | D:1      | Inarius set off with the following items: a +0 spear, a +2
                  | leather armour, a scroll of teleportation
     0 | D:1      | Reached XP level 1. HP: 18/18 MP: 1/1
   249 | D:1      | Reached XP level 2. HP: 24/24 MP: 2/2
   926 | D:1      | HP: 1/24 [adder (5)]
   930 | D:1      | Reached XP level 3. HP: 2/30 MP: 3/3
  1308 | D:2      | Noticed Robin
  1325 | D:2      | Killed Robin
  1491 | D:2      | Noticed Sigmund
  1516 | D:2      | Slain by Sigmund

Illustrated notes

Levels and vault maps discovered:
D:1:      wander_arrival_peaceful_grave, layout_basic
D:2:      layout_basic, nicolae_qazlal_style_of_elements, tso_altar,
          okawaru_altar_gauntlet_db, uniq_sigmund, uniq_robin

Skill      XL: |  1  2 |
---------------+-------+-----
Armour         | 2 |  2.4
Fighting       | |  3.9
Polearms       | |  0.5
Crossbows      | |  1.0
Throwing       | |  1.5
Dodging        | |  1.0
Unarmed Combat | |  1.0

Action                   || total
-------------------------++-------
Melee: Spear             ||   110
Throw: Javelin           ||    10
Armor: Leather armour    ||    43
Dodge: Dodged            ||    69
